% Time on Ice - PORTLAND PIRATES
Lines # - Real PCT - Wanted PCT - Time Play
Normal Forward
1 - 34% - 33% - 17:00
2 - 30% - 30% - 14:58
3 - 24% - 25% - 12:16
4 - 12% - 12% - 5:59
Normal Defense
1 - 32% - 32% - 15:52
2 - 32% - 32% - 16:05
3 - 32% - 31% - 16:05
4 - 4% - 5% - 2:11
PP Forward
1 - 53% - 65% - 3:09
2 - 47% - 35% - 2:48
PP Defense
1 - 53% - 65% - 3:09
2 - 47% - 35% - 2:48
PK Forward
1 - 46% - 50% - 1:45
2 - 54% - 50% - 2:05
PK Defense
1 - 50% - 60% - 1:54
2 - 50% - 40% - 1:56
PK3 Forward
1 - 0% - 60%
2 - 0% - 40%
PK3 Defense
1 - 0% - 60%
2 - 0% - 40%
44 Forward
1 - 0% - 60%
2 - 0% - 40%
44 Defense
1 - 0% - 60%
2 - 0% - 40%
Last Minute Offensive  - 0:00
Last Minute Defensive  - 0:00
Total
Forward - 60:00
Defense - 60:00
% Time on Ice - COLORADO GLACIERCATS
Lines # - Real PCT - Wanted PCT - Time Play
Normal Forward
1 - 32% - 35% - 15:58
2 - 34% - 35% - 17:03
3 - 22% - 25% - 11:17
4 - 12% - 5% - 5:55
Normal Defense
1 - 33% - 35% - 16:47
2 - 35% - 30% - 17:29
3 - 23% - 23% - 11:41
4 - 8% - 12% - 4:16
PP Forward
1 - 39% - 60% - 1:30
2 - 61% - 40% - 2:20
PP Defense
1 - 52% - 50% - 1:59
2 - 48% - 50% - 1:51
PK Forward
1 - 51% - 50% - 3:02
2 - 49% - 50% - 2:55
PK Defense
1 - 56% - 55% - 3:21
2 - 44% - 45% - 2:36
PK3 Forward
1 - 0% - 55%
2 - 0% - 45%
PK3 Defense
1 - 0% - 50%
2 - 0% - 50%
44 Forward
1 - 0% - 50%
2 - 0% - 50%
44 Defense
1 - 0% - 50%
2 - 0% - 50%
Last Minute Offensive  - 0:00
Last Minute Defensive  - 0:00
Total
Forward - 60:00
Defense - 60:00
Play-by-Play 1st period 0:01 of 1st period - Jonathan Toews wins face-off versus Joe Pavelski in neutral zone. 1:15 of 1st period - Shea Weber is hit by Rickard Rakell and loses puck. 2:02 of 1st period - Shot by Zach Aston-Reese. 2:02 of 1st period - Stopped by Henrik Lundqvist without a rebound. 2:03 of 1st period - Pavel Zacha wins face-off versus Jay Beagle in PORTLAND PIRATES zone. 2:16 of 1st period - Shot by Jay Beagle. 2:16 of 1st period - Stopped by Henrik Lundqvist without a rebound. 2:17 of 1st period - Lucas Wallmark wins face-off versus Jason Dickinson in PORTLAND PIRATES zone. 2:20 of 1st period - Shot by Zach Aston-Reese. 2:20 of 1st period - Shot Hit the Post. 2:49 of 1st period - Minor Penalty to John Klingberg for Slashing. 2:50 of 1st period - Jordan Staal wins face-off versus Jonathan Toews in COLORADO GLACIERCATS zone. 4:45 of 1st period - Icing by Alec Martinez. 4:46 of 1st period - Jordan Staal wins face-off versus Eric Staal in PORTLAND PIRATES zone. 5:07 of 1st period - Shot by Alex Chiasson. 5:07 of 1st period - Stopped by Pekka Rinne without a rebound. 5:08 of 1st period - Mike Hoffman wins face-off versus Patrice Bergeron in COLORADO GLACIERCATS zone. 5:19 of 1st period - Shot by Gabriel Landeskog. 5:19 of 1st period - Shot Misses the Net. 6:17 of 1st period - Shot by Artemi Panarin. 6:17 of 1st period - Shot Misses the Net. 6:25 of 1st period - Shot by Jordan Staal. 6:25 of 1st period - Deflect By Artemi Panarin. 6:25 of 1st period - Shot Blocked by Rasmus Ristolainen. 7:48 of 1st period - Off-side. 7:49 of 1st period - Jay Beagle wins face-off versus Rickard Rakell in neutral zone. 8:05 of 1st period - Devin Shore is hit by Travis Hamonic and loses puck. 8:21 of 1st period - Devin Shore is hit by Brett Pesce and loses puck. 8:42 of 1st period - Shot by Joe Pavelski. 8:42 of 1st period - Goal by Joe Pavelski - PORTLAND PIRATES : 0 - COLORADO GLACIERCATS : 1. 8:43 of 1st period - Jason Dickinson wins face-off versus Jordan Staal in neutral zone. 8:53 of 1st period - Alec Martinez is hit by Jordan Staal and loses puck. 9:33 of 1st period - Shot by Rasmus Ristolainen. 9:33 of 1st period - Shot Blocked by Jordan Staal. 9:39 of 1st period - Shot by Yanni Gourde. 9:39 of 1st period - Shot Misses the Net. 9:41 of 1st period - Shot by Yanni Gourde. 9:41 of 1st period - Stopped by Pekka Rinne with a rebound. 9:43 of 1st period - Shot by Yanni Gourde. 9:43 of 1st period - Goal by Yanni Gourde - PORTLAND PIRATES : 1 - COLORADO GLACIERCATS : 1. 9:44 of 1st period - Jonathan Toews wins face-off versus Patrice Bergeron in neutral zone. 10:02 of 1st period - Patrice Bergeron is hit by Gabriel Landeskog and loses puck. 10:15 of 1st period - Patrice Bergeron is hit by Travis Hamonic. 10:32 of 1st period - Joe Pavelski is hit by Brian Dumoulin and loses puck. 10:57 of 1st period - Shot by Zach Aston-Reese. 10:57 of 1st period - Deflect By Paul Byron. 10:57 of 1st period - Shot Misses the Net. 10:59 of 1st period - Shot by Mark Giordano. 10:59 of 1st period - Shot Misses the Net. 11:03 of 1st period - Shot by Lucas Wallmark. 11:03 of 1st period - Stopped by Henrik Lundqvist without a rebound. 11:04 of 1st period - Brayden Schenn wins face-off versus Brett Connolly in PORTLAND PIRATES zone. 11:05 of 1st period - Shot by Artemi Panarin. 11:05 of 1st period - Stopped by Henrik Lundqvist without a rebound. 11:06 of 1st period - Brett Connolly wins face-off versus Jordan Staal in PORTLAND PIRATES zone. 11:12 of 1st period - Icing by Rasmus Ristolainen. 11:13 of 1st period - Jordan Staal wins face-off versus Pavel Zacha in PORTLAND PIRATES zone. 11:38 of 1st period - Shot by Brett Connolly. 11:38 of 1st period - Stopped by Pekka Rinne without a rebound. 11:39 of 1st period - Patrice Bergeron wins face-off versus Eric Staal in COLORADO GLACIERCATS zone. 11:53 of 1st period - Shot by Joe Pavelski. 11:53 of 1st period - Stopped by Henrik Lundqvist with a rebound. 11:57 of 1st period - Shot by Patrice Bergeron. 11:57 of 1st period - Shot Blocked by Thomas Chabot. 11:59 of 1st period - Shot by Joe Pavelski. 11:59 of 1st period - Stopped by Henrik Lundqvist without a rebound. 12:00 of 1st period - Pavel Zacha wins face-off versus Lucas Wallmark in PORTLAND PIRATES zone. 12:00 of 1st period - Pavel Zacha is hit by Paul Byron. 12:06 of 1st period - Shot by Brett Connolly. 12:06 of 1st period - Deflect By Pavel Zacha. 12:06 of 1st period - Stopped by Pekka Rinne with a rebound. 12:08 of 1st period - Shot by Pavel Zacha. 12:08 of 1st period - Shot Misses the Net. 12:26 of 1st period - Icing by Travis Hamonic. 12:27 of 1st period - Patrice Bergeron wins face-off versus Pavel Zacha in PORTLAND PIRATES zone. 12:31 of 1st period - Icing by Brian Dumoulin. 12:32 of 1st period - Pavel Zacha wins face-off versus Patrice Bergeron in PORTLAND PIRATES zone. 12:45 of 1st period - Shot by Joe Pavelski. 12:45 of 1st period - Stopped by Henrik Lundqvist without a rebound. 12:46 of 1st period - Jordan Staal wins face-off versus Eric Staal in PORTLAND PIRATES zone. 13:23 of 1st period - Shot by Travis Konecny. 13:23 of 1st period - Shot Blocked by Ben Lovejoy. 13:25 of 1st period - Shot by Eric Staal. 13:25 of 1st period - Shot Misses the Net. 13:27 of 1st period - Shot by Thomas Chabot. 13:27 of 1st period - Stopped by Pekka Rinne with a rebound. 13:49 of 1st period - Shot by Gabriel Landeskog. 13:49 of 1st period - Stopped by Pekka Rinne without a rebound. 13:50 of 1st period - Patrice Bergeron wins face-off versus Pavel Zacha in COLORADO GLACIERCATS zone. 14:32 of 1st period - Shot by Joe Pavelski. 14:32 of 1st period - Stopped by Henrik Lundqvist without a rebound. 14:33 of 1st period - Jonathan Toews wins face-off versus Lucas Wallmark in PORTLAND PIRATES zone. 14:51 of 1st period - Icing by Jonathan Toews. 14:52 of 1st period - Jordan Staal wins face-off versus Jonathan Toews in PORTLAND PIRATES zone. 15:11 of 1st period - Brayden Schenn is hit by Jonathan Toews and loses puck. 15:21 of 1st period - Off-side. 15:22 of 1st period - Patrice Bergeron wins face-off versus Eric Staal in neutral zone. 15:44 of 1st period - Icing by Thomas Chabot. 15:45 of 1st period - Eric Staal wins face-off versus Lucas Wallmark in PORTLAND PIRATES zone. 16:12 of 1st period - Shot by Eric Staal. 16:12 of 1st period - Goal by Eric Staal - PORTLAND PIRATES : 2 - COLORADO GLACIERCATS : 1. 16:13 of 1st period - Patrice Bergeron wins face-off versus Jonathan Toews in neutral zone. 16:18 of 1st period - Shot by Joe Pavelski. 16:18 of 1st period - Shot Misses the Net. 16:36 of 1st period - Shot by Gabriel Landeskog. 16:36 of 1st period - Stopped by Pekka Rinne without a rebound. 16:37 of 1st period - Pavel Zacha wins face-off versus Jordan Staal in COLORADO GLACIERCATS zone. 16:40 of 1st period - Shot by Brett Connolly. 16:40 of 1st period - Stopped by Pekka Rinne without a rebound. 16:41 of 1st period - Pavel Zacha wins face-off versus Jordan Staal in COLORADO GLACIERCATS zone. 16:56 of 1st period - Shot by Brett Pesce. 16:56 of 1st period - Shot Misses the Net. 16:58 of 1st period - Shot by Rasmus Ristolainen. 16:58 of 1st period - Deflect By Yanni Gourde. 16:58 of 1st period - Shot Blocked by John Klingberg. 17:00 of 1st period - Shot by Brett Pesce. 17:00 of 1st period - Stopped by Pekka Rinne without a rebound. 17:01 of 1st period - Eric Staal wins face-off versus Patrice Bergeron in COLORADO GLACIERCATS zone. 17:26 of 1st period - Shot by Joe Pavelski. 17:26 of 1st period - Deflect By Patrice Bergeron. 17:26 of 1st period - Stopped by Henrik Lundqvist with a rebound. 17:27 of 1st period - Minor Penalty to Brian Dumoulin for Hooking. 17:28 of 1st period - Jordan Staal wins face-off versus Jason Dickinson in PORTLAND PIRATES zone. 17:41 of 1st period - Shot by Mark Giordano. 17:41 of 1st period - Stopped by Henrik Lundqvist without a rebound. 17:42 of 1st period - Patrice Bergeron wins face-off versus Jason Dickinson in PORTLAND PIRATES zone. 18:02 of 1st period - Shot by Joe Pavelski. 18:02 of 1st period - Stopped by Henrik Lundqvist without a rebound. 18:03 of 1st period - Jason Dickinson wins face-off versus Jordan Staal in PORTLAND PIRATES zone. 19:39 of 1st period - Shot by Mike Hoffman. 19:39 of 1st period - Stopped by Pekka Rinne with a rebound. 19:42 of 1st period - Icing by Ilya Lyubushkin. 19:43 of 1st period - Jay Beagle wins face-off versus Eric Staal in COLORADO GLACIERCATS zone. 19:43 of 1st period - Jay Beagle is hit by Rickard Rakell. 19:48 of 1st period - Tom Pyatt is hit by Rasmus Ristolainen and loses puck. Goals for this period are 2 for PORTLAND PIRATES vs 1 for COLORADO GLACIERCATS. Shots for this period are 12 for PORTLAND PIRATES vs 12 for COLORADO GLACIERCATS. 2nd period 0:01 of 2nd period - Jordan Staal wins face-off versus Jonathan Toews in neutral zone. 0:10 of 2nd period - Icing by Brian Dumoulin. 0:11 of 2nd period - Jonathan Toews wins face-off versus Paul Byron in PORTLAND PIRATES zone. 0:32 of 2nd period - Shot by Jonathan Toews. 0:32 of 2nd period - Shot Misses the Net. 0:37 of 2nd period - Icing by Mark Giordano. 0:38 of 2nd period - Lucas Wallmark wins face-off versus Pavel Zacha in COLORADO GLACIERCATS zone. 0:38 of 2nd period - Lucas Wallmark is hit by Yanni Gourde. 1:17 of 2nd period - Shot by Rasmus Ristolainen. 1:17 of 2nd period - Shot Blocked by Zach Aston-Reese. 1:38 of 2nd period - Off-side. 1:39 of 2nd period - Patrice Bergeron wins face-off versus Eric Staa